 Dungeon Sprint DCSS version 0.21.1-1-g345015f (webtiles) character file.

126516 Cadaver the Axe Maniac (level 16, 0/183 HPs)
             Began as a Minotaur Gladiator on May 18, 2018.
             Was the Champion of Makhleb.
             Slain by Ereshkigal
             ... wielding an uncursed staff of poison
              (9 damage)
             ... in the Dungeon (Sprint V: "Ziggurat Sprint").
             The game lasted 00:57:58 (3598 turns).

Cadaver the Axe Maniac (Minotaur Gladiator)         Turns: 3598, Time: 00:57:59

Health: 0/183      AC: 48    Str: 34    XL:     16   Next: 44%
Magic:  28/28      EV: 10    Int: 13    God:    Makhleb [******]
Gold:   0          SH:  4    Dex: 14    Spells: 3/15 levels left

rFire    + . .     SeeInvis .   p - +9 executioner's axe (flame)
rCold    + . .     Gourm    .   (shield currently unavailable)
rNeg     . . .     Faith    .   m - +12 gold dragon scales
rPois    +         Spirit   .   c - +2 hat {Int+3}
rElec    .         Reflect  +   U - +2 cloak {MR+}
rCorr    .         Harm     .   l - +2 pair of gloves {Str+3}
MR       ++...     NoTele   +   (no boots)
Stlth    ..........             X - +4 amulet of reflection
HPRegen  0.40/turn              H - +6 ring of strength
MPRegen  0.21/turn              I - +6 ring of strength

@: lethally poisoned (0 -> 0), berserk cooldown, slowed, studying Throwing,
drained, very slow
A: retaliatory headbutt, horns 2
a: Minor Destruction, Lesser Servant of Makhleb, Major Destruction, Greater
Servant of Makhleb, Renounce Religion


You were in the Dungeon.
You worshipped Makhleb.
Makhleb was exalted by your worship.
You were hungry.

You visited 1 branch

Inventory:

Hand Weapons
 n - a +5 battleaxe of freezing
 p - a +9 executioner's axe of flaming (weapon)
Missiles
 d - 3 throwing nets
 W - 32 javelins (quivered)
Armour
 c - a +2 hat of intelligence (worn)
 l - a +2 pair of gloves of strength (worn)
 m - +12 gold dragon scales (worn)
 N - the +9 scales of the Dragon King {rPois rF+ rC+ MR+}
   (You found it in the Dungeon)

   It protects you from fire.
   It protects you from cold.
   It protects you from poison.
   It affects your resistance to hostile enchantments.
 U - a +2 cloak of magic resistance (worn)
 V - a +8 crystal plate armour
Jewellery
 u - the ring of the Mage {Wiz MR++ Int+3}
   (You found it in the Dungeon)

   [ring of wizardry]

   It improves your spell success rate.
   It affects your intelligence (+3).
   It affects your resistance to hostile enchantments.
 D - the amulet of Truth {Faith Str+5}
   (You took it off a wight in the Dungeon)

   [amulet of faith]

   It allows you to gain divine favour quickly.
   It affects your strength (+5).
 E - a +6 ring of dexterity
 F - an uncursed ring of protection from fire
 G - the ring of the Shining One's Hope {+Fly rC+ Int+4}
   (You found it in the Dungeon)

   [ring of flight]

   It affects your intelligence (+4).
   It protects you from cold.
   It lets you fly.
 H - a +6 ring of strength (left hand)
 I - a +6 ring of strength (right hand)
 J - the amulet "Otagot" {RegenMP +Blink rElec}
   (You found it in the Dungeon)

   [amulet of magic regeneration]

   It increases your magic regeneration.
   It insulates you from electricity.
   It lets you blink.
 O - the ring of Midsummer {MR+ MP+9 Dex+2}
   (You found it in the Dungeon)

   [ring of dexterity]

   It affects your dexterity (+2).
   It affects your resistance to hostile enchantments.
   It affects your magic capacity (+9).
 Q - the amulet "Cefay" {Inacc +Fly Int+9 Stlth+}
   (You found it in the Dungeon)

   [amulet of inaccuracy]

   It reduces the accuracy of all your attacks.
   It affects your intelligence (+9).
   It lets you fly.
   It makes you more stealthy.
 X - a +4 amulet of reflection (around neck)
 Y - the ring "Weec" {rC+ Dex+4}
   (You took it off Azrael in the Dungeon)

   [ring of protection from cold]

   It affects your dexterity (+4).
   It protects you from cold.
 Z - the ring of Ekhehiq {rN+ Int+5}
   (You found it in the Dungeon)

   [ring of intelligence]

   It affects your intelligence (+5).
   It protects you from negative energy.
Wands
 A - a wand of disintegration (4)
 B - a wand of iceblast (7)
 C - a wand of acid (6)
Scrolls
 k - a scroll of blinking
 v - 3 scrolls of fog
 w - a scroll of holy word
 x - 4 scrolls of identify
 y - 5 scrolls of remove curse
 z - 2 scrolls of fear
Potions
 a - 2 potions of brilliance
 b - 2 potions of invisibility
 e - 10 potions of curing
 g - 12 potions of heal wounds
 h - 10 potions of haste
 i - 7 potions of magic
 q - 4 potions of resistance
 s - 2 potions of agility
 t - 3 potions of might
Books
 o - a book of the Tempests

   Spells                             Type                      Level
   a - Static Discharge               Conjuration/Air              3
   b - Lightning Bolt                 Conjuration/Air              5
   c - Ignition                       Fire                         8
   d - Tornado                        Air                          9
   e - Shatter                        Earth                        9
 r - a manual of Throwing
 T - a Grand Grimoire

   Spells                             Type                      Level
   a - Monstrous Menagerie            Summoning                    7
   b - Summon Greater Demon           Summoning                    7
   c - Malign Gateway                 Summoning/Translocation      7
   d - Summon Horrible Things         Summoning                    8
Miscellaneous
 K - a lightning rod (4/4)
 L - 2 phantom mirrors
 M - a lamp of fire
 P - a fan of gales
 R - 6 sacks of spiders
 S - 2 boxes of beasts
Comestibles
 f - 9 rations


   Skills:
 O Level 27(26.5) Fighting
 O Level 27(26.5) Axes
 + Level 10.1(9.8) Throwing
 O Level 27(26.5) Armour
 + Level 3.2(3.0) Dodging
 + Level 17.7(17.4) Invocations
 + Level 19.2(18.8) Evocations


You had 3 spell levels left.
You knew the following spells:

 Your Spells              Type           Power        Failure   Level  Hunger
a - Sticky Flame          Conj/Fire      #.......     100%        4    #####..
b - Blink                 Tloc           N/A          91%         2    ###....
c - Dispersal             Tloc           #.........   100%        6    #######


Dungeon Overview and Level Annotations

Branches:
Dungeon (1/1)

Altars:
Ashenzari
Cheibriados
Dithmenos
Elyvilon
Fedhas
Gozag
Hepliaklqana
Kikubaaqudgha
Makhleb
Nemelex Xobeh
Okawaru
Qazlal
Ru
Sif Muna
Trog
Uskayaw
Vehumet
Wu Jian
Xom
Yredelemnul
Zin
The Shining One
Beogh
Jiyva
Lugonu

Annotations:
D Dispater, Dissolution, Dowan, Ereshkigal, Erolcha, Gastronok, Gloorx Vloq, Harold, Purgy, Snorg


Innate Abilities, Weirdness & Mutations

You reflexively headbutt those who attack you in melee.
You have a pair of horns on your head.


Message History

The floating eye pulsates ominously.
The floating eye's stare focuses on you.
Purgy snarls, "My home!
Leave!"
The cacodemon hits you but does no damage.
The cacodemon hits you!
* * * LOW HITPOINT WARNING * * *
Dowan mumbles some strange words.
Dowan blinks!
You can move again.
You carve Ereshkigal like a ham!!! You burn Ereshkigal!
Your headbutt misses Ereshkigal.
Ereshkigal is severely wounded.
You hit Dispater. You closely miss the cacodemon. You slash Gloorx Vloq!
You burn Gloorx Vloq.
You are no longer berserk.
You are exhausted.
You feel yourself slow down.
Gloorx Vloq hits you but does no damage.
Ereshkigal hits you with an uncursed staff of poison!
You die...

.........▓
▓.................▓
▓.................▓
▓.........@.......▓
▓......@...T.G..|.▓
▓..........§GJ....▓
▓......o....11TOw2▓
▓....▓.......▓&2&.▓
▓...▓▓▓..o..▓▓▓@&.▓
▓....▓.......▓.)(.▓
▓............).)..▓
▓.............))(.▓
▓........©.....):.▓
▓▓▓▓▓▓▓▓▓▓▓▓▓▓▓▓▓▓▓


You could see Dispater, Gloorx Vloq, Ereshkigal, Dissolution, Gastronok, a
cacodemon, Snorg (berserk), Harold, 2 Executioners, an eye of devastation, a
shadow demon, Erolcha, Purgy and a floating eye.

Vanquished Creatures
  Mara (D)
  Sojobo (D)
  Frederick (D)
  the Lernaean hydra (D)
  Saint Roka (D)
  the Enchantress (D)
  Nellie (D)
  Rupert (D)
  6 acid blobs (D)
  Polyphemus (D)
  Chuck (D)
  Frances (D)
  6 azure jellies (D)
  2 ghost moths (D)
  A fire giant (D)
  Aizul (D)
  An orc warlord (D)
  Louise (D)
  A very ugly thing (D)
  A reaper (D)
  Nessos (D)
  A vampire knight (D)
  A green draconian (D)
  2 white draconians (D)
  2 purple draconians (D)
  Azrael (D)
  A spark wasp (shapeshifter) (D)
  A spark wasp (D)
  6 merfolk impalers (D)
  2 merfolk javelineers (D)
  A fire dragon (D)
  A great orb of eyes (D)
  A merfolk avatar (D)
  6 naga warriors (D)
  3 merfolk aquamancers (D)
  8 anacondas (D)
  An ogre mage (D)
  A centaur warrior (D)
  Urug (D)
  A vampire mage (D)
  A shock serpent (shapeshifter) (D)
  2 skeletal warriors (D)
  2 sea snakes (D)
  A glowing orange brain (D)
  A glowing orange brain (shapeshifter) (D)
  3 necromancers (D)
  An orc knight (D)
  A harpy (D)
  2 orc sorcerers (D)
  5 wolf spiders (D)
  2 orb spiders (D)
  3 draconians (D)
  5 manticores (D)
  A cyclops (shapeshifter) (D)
  A moth of wrath (shapeshifter) (D)
  A shining eye (D)
  A rust devil (D)
  6 black mambas (D)
  An elephant (shapeshifter) (D)
  3 moths of wrath (D)
  4 guardian serpents (D)
  3 naga magi (D)
  3 water nymphs (D)
  3 eyes of devastation (D)
  A hellion (D)
  Psyche (D)
  An efreet (D)
  A yaktaur (D)
  5 demonic crawlers (D)
  5 jumping spiders (D)
  3 merfolk (D)
  A troll (D)
  2 wind drakes (D)
  11 slime creatures (D)
  9 hornets (D)
  5 snapping turtles (D)
  A hippogriff (shapeshifter) (D)
  6 redbacks (D)
  3 spriggans (D)
  6 tarantellas (D)
  5 shadows (D)
  A wraith (D)
  Eustachio (D)
  A basilisk (D)
  2 fire elementals (D)
  A yak (D)
  A golden eye (D)
  A neqoxec (D)
  2 wargs (D)
  5 water moccasins (D)
  7 nagas (D)
  A floating eye (D)
  9 hell hounds (D)
  2 orc warriors (D)
  4 necrophages (D)
  2 black bears (D)
  A black bear (shapeshifter) (D)
  An ogre (D)
  2 wolves (D)
  2 bullfrogs (D)
  5 scorpions (D)
  7 wights (D)
  A crimson imp (D)
  3 quasits (D)
  4 iron imps (D)
  2 jellies (D)
  4 orc wizards (D)
  Crazy Yiuf (D)
  3 orc priests (D)
  Jessica (D)
  Ijyb (D)
  An iguana (D)
  6 adders (D)
  A white imp (D)
  An ufetubus (D)
  3 adder zombies (D)
  2 adder skeletons (D)
  An orc (D)
  2 bat skeletons (D)
  A bat zombie (D)
  2 jackals (D)
  2 ball pythons (D)
  A ball python zombie (D)
  A giant cockroach zombie (D)
  A jackal skeleton (D)
  A leopard gecko zombie (D)
  A quokka skeleton (D)
  A fire vortex (D)
301 creatures vanquished.

Vanquished Creatures (collateral kills)
  An orb spider (D)
1 creature vanquished.

Vanquished Creatures (others)
  A lich (D)
  A demonic crawler (D)
  A hornet (D)
  A wraith (D)
  A fire vortex (D)
5 creatures vanquished.

Grand Total: 307 creatures vanquished

Notes
Turn   | Place    | Note
-------+----------+-------------------------------------------
     0 | D        | Found the +6 Majin-Bo {vamp, Archmagi MP+6 Int+6}
     0 | D        | Found the +7 great mace "Firestarter" {inner flame, rF++}
     0 | D        | Cadaver the Minotaur Gladiator began the quest for the Orb.
     0 | D        | Reached XP level 1. HP: 18/18 MP: 0/0
    13 | D        | Found a blossoming altar of Fedhas.
    14 | D        | Found a viscous altar of Jiyva.
    14 | D        | Found a hazy altar of Hepliaklqana.
    14 | D        | Found a transporter.
    14 | D        | Found an opulent altar of Gozag.
    14 | D        | Found an ancient bone altar of Kikubaaqudgha.
    14 | D        | Found a corrupted altar of Lugonu.
    24 | D        | Found a deep blue altar of Sif Muna.
    24 | D        | Found a sacrificial altar of Ru.
    24 | D        | Found a bloodstained altar of Trog.
    24 | D        | Found a stormy altar of Qazlal.
    24 | D        | Found an iron altar of Okawaru.
    24 | D        | Found a sparkling altar of Nemelex Xobeh.
    26 | D        | Found a burning altar of Makhleb.
    45 | D        | Became a worshipper of Makhleb the Destroyer
    46 | D        | Reached XP level 2. HP: 28/28 MP: 0/2
    55 | D        | Entered arena 2.
    55 | D        | Noticed a water moccasin
    55 | D        | Found a transporter.
    58 | D        | Killed a water moccasin
    58 | D        | Reached skill level 5 in Fighting
    58 | D        | Reached XP level 3. HP: 36/36 MP: 0/3
    58 | D        | Reached XP level 4. HP: 42/42 MP: 0/4
    60 | D        | Reached skill level 10 in Axes
   110 | D        | Entered arena 3.
   110 | D        | Noticed a jumping spider
   110 | D        | Found a transporter.
   114 | D        | Reached * piety under Makhleb
   114 | D        | Reached XP level 5. HP: 48/48 MP: 5/5
   124 | D        | Killed a jumping spider
   124 | D        | Reached XP level 6. HP: 44/58 MP: 6/6
   194 | D        | Entered arena 4.
   194 | D        | Noticed a jumping spider
   194 | D        | Found a transporter.
   195 | D        | Reached ** piety under Makhleb
   201 | D        | Reached XP level 7. HP: 61/64 MP: 7/7
   202 | D        | Killed a jumping spider
   202 | D        | Reached skill level 15 in Axes
   217 | D        | Entered arena 5.
   217 | D        | Noticed a centaur warrior
   217 | D        | Noticed an ogre mage
   217 | D        | Noticed a yaktaur
   217 | D        | Noticed a red very ugly thing
   217 | D        | Found a transporter.
   218 | D        | Found the +9 scales of the Dragon King {rPois rF+ rC+ MR+}
   226 | D        | Killed a centaur warrior
   226 | D        | Reached *** piety under Makhleb
   226 | D        | Reached skill level 10 in Armour
   226 | D        | Reached XP level 8. HP: 74/74 MP: 9/9
   228 | D        | Killed an ogre mage
   228 | D        | Reached XP level 9. HP: 73/82 MP: 10/10
   230 | D        | Killed a red very ugly thing
   231 | D        | Killed a yaktaur
   291 | D        | Entered arena 6.
   291 | D        | Found a transporter.
   292 | D        | Found the cursed necklace of Bloodlust {*Rage +Rage MR++ Int-3 Slay+6 *Curse}
   294 | D        | Reached **** piety under Makhleb
   316 | D        | Entered arena 7.
   316 | D        | Noticed a spriggan rider
   316 | D        | Noticed a spriggan rider
   320 | D        | Reached ***** piety under Makhleb
   325 | D        | Found a transporter.
   333 | D        | Reached XP level 10. HP: 67/91 MP: 11/11
   397 | D        | Entered arena 8.
   406 | D        | Reached ****** piety under Makhleb
   407 | D        | Found a transporter.
   426 | D        | Entered arena 9.
   427 | D        | Found a transporter.
   462 | D        | Identified the Almanac of Wyrd (You found it in the Dungeon)
   468 | D        | Entered arena 10.
   468 | D        | Noticed a draconian
   468 | D        | Noticed a white draconian
   468 | D        | Noticed a purple draconian
   468 | D        | Noticed a purple draconian
   468 | D        | Noticed a draconian
   468 | D        | Noticed a draconian
   468 | D        | Noticed a green draconian
   468 | D        | Noticed a white draconian
   476 | D        | Killed a green draconian
   476 | D        | Reached skill level 10 in Fighting
   476 | D        | Killed a draconian
   477 | D        | Killed a white draconian
   478 | D        | Killed a draconian
   481 | D        | Killed a draconian
   481 | D        | Reached XP level 11. HP: 67/101 MP: 11/13
   481 | D        | Killed a purple draconian
   482 | D        | Killed a white draconian
   482 | D        | Reached skill level 15 in Armour
   483 | D        | Killed a purple draconian
   484 | D        | Found a transporter.
   514 | D        | Entered arena 11.
   521 | D        | Reached skill level 5 in Evocations
   529 | D        | Found a transporter.
   578 | D        | Entered arena 12.
   578 | D        | Noticed a deep troll
   579 | D        | Noticed a deep troll
   579 | D        | Noticed a shining eye
   582 | D        | Noticed a satyr
   582 | D        | Noticed a sea snake
   582 | D        | Noticed a lindwurm
   582 | D        | a torpor snail changed into a lindwurm
   583 | D        | Noticed an ice dragon
   583 | D        | a satyr changed into an ice dragon
   583 | D        | Noticed a lindwurm
   583 | D        | a merfolk changed into a lindwurm
   584 | D        | an ice dragon changed into something unseen
   585 | D        | a lindwurm changed into a cyclops
   586 | D        | Noticed a death drake
   586 | D        | a lindwurm changed into a death drake
   586 | D        | Gained mutation: You are weak. (Str -2) [a neqoxec]
   588 | D        | Found a transporter.
   588 | D        | Noticed a lindwurm
   588 | D        | a sea snake changed into a lindwurm
   589 | D        | Noticed an alligator
   589 | D        | a lindwurm changed into an elephant
   589 | D        | Noticed an orb spider
   589 | D        | a jumping spider changed into an orb spider
   589 | D        | Noticed an orb spider
   589 | D        | Lost mutation: You are weak. (Str -2) [a shining eye]
   590 | D        | Killed a shining eye
   591 | D        | an orb spider changed into a yak
   591 | D        | an orb spider changed into a hippogriff
   592 | D        | Noticed a mana viper
   592 | D        | a deep troll changed into a mana viper
   592 | D        | Noticed a spark wasp
   592 | D        | an alligator changed into a spark wasp
   592 | D        | Noticed a glowing orange brain
   592 | D        | a death drake changed into a glowing orange brain
   594 | D        | Killed a glowing orange brain
   597 | D        | Noticed a shock serpent
   597 | D        | a mana viper changed into a shock serpent
   598 | D        | Killed a spark wasp
   605 | D        | Killed a shock serpent
   640 | D        | Learned a level 4 spell: Sticky Flame
   836 | D        | Entered arena 13.
   836 | D        | Noticed an orc knight
   837 | D        | Noticed an orc warlord
   838 | D        | Noticed an orc sorcerer
   841 | D        | Noticed an orc sorcerer
   849 | D        | Killed an orc sorcerer
   849 | D        | Reached XP level 12. HP: 109/113 MP: 14/14
   854 | D        | Killed an orc warlord
   859 | D        | Found a transporter.
   904 | D        | Entered arena 14.
   906 | D        | Noticed a merfolk impaler
   907 | D        | Noticed a merfolk avatar
   910 | D        | Noticed a merfolk impaler
   911 | D        | Noticed a merfolk impaler
   919 | D        | Found a transporter.
   928 | D        | Killed a merfolk impaler
   931 | D        | Killed a merfolk impaler
   934 | D        | Killed a merfolk impaler
   946 | D        | Killed a merfolk avatar
   963 | D        | Got the amulet "Cefay" {Inacc +Fly Int+9 Stlth+}
   968 | D        | Entered arena 15.
   976 | D        | Reached skill level 1 in Invocations
   978 | D        | Noticed a vampire knight
   999 | D        | Killed a vampire knight
  1005 | D        | Reached skill level 15 in Fighting
  1007 | D        | Found a transporter.
  1033 | D        | Entered arena 16.
  1033 | D        | Noticed a vampire mage
  1037 | D        | Killed a vampire mage
  1047 | D        | Noticed a lich
  1058 | D        | Noticed a reaper
  1068 | D        | Killed a lich
  1068 | D        | Reached XP level 13. HP: 40/128 MP: 16/16
  1070 | D        | Reached skill level 27 in Axes
  1222 | D        | Got the amulet of Truth {Faith Str+5}
  1240 | D        | Found a transporter.
  1256 | D        | Entered arena 17.
  1263 | D        | Reached skill level 5 in Invocations
  1270 | D        | Noticed a fire dragon
  1273 | D        | Noticed a fire giant
  1287 | D        | Killed a fire giant
  1288 | D        | Killed a fire dragon
  1310 | D        | Found a transporter.
  1369 | D        | Entered arena 18.
  1446 | D        | Found a transporter.
  1484 | D        | Entered arena 19.
  1488 | D        | Noticed a reaper
  1512 | D        | Killed a reaper
  1574 | D        | Found a transporter.
  1586 | D        | Got the ring of the Shining One's Hope {+Fly rC+ Int+4}
  1597 | D        | Entered arena 20.
  1609 | D        | Noticed a merfolk impaler
  1613 | D        | Noticed a merfolk javelineer
  1614 | D        | Noticed a merfolk impaler
  1614 | D        | Noticed a merfolk impaler
  1615 | D        | Noticed a merfolk javelineer
  1619 | D        | Killed a merfolk impaler
  1624 | D        | Killed a merfolk javelineer
  1625 | D        | Killed a merfolk javelineer
  1631 | D        | Reached XP level 14. HP: 147/147 MP: 19/19
  1689 | D        | Found a transporter.
  1733 | D        | Identified Lazufui's Volume of the Compass (You found it in the Dungeon)
  1814 | D        | Entered arena 21.
  1861 | D        | Killed a ghost moth
  1889 | D        | Killed a ghost moth
  1889 | D        | Reached skill level 10 in Invocations
  1907 | D        | Reached skill level 10 in Evocations
  2037 | D        | Found the +4 Vampire's Tooth {vamp}
  2037 | D        | Found the ring of the Mage {Wiz MR++ Int+3}
  2041 | D        | Found a transporter.
  2100 | D        | Entered arena 22.
  2122 | D        | Noticed Nes Iwoh the pandemonium lord
  2123 | D        | Noticed Waboesek the pandemonium lord
  2124 | D        | Noticed Hueguj the pandemonium lord
  2126 | D        | Noticed Afaawkosm the pandemonium lord
  2126 | D        | Noticed Acrirph the pandemonium lord
  2126 | D        | Noticed Saduic the pandemonium lord
  2126 | D        | Noticed Lefistri the pandemonium lord
  2127 | D        | Noticed Kodab the pandemonium lord
  2127 | D        | Noticed Ostruqikex the pandemonium lord
  2128 | D        | Noticed a golden dragon
  2129 | D        | Noticed a reaper
  2129 | D        | Noticed a gelid warmonger
  2130 | D        | Noticed Xyduz the pandemonium lord
  2130 | D        | Noticed Jeretoof the pandemonium lord
  2130 | D        | Noticed Niurobor the pandemonium lord
  2131 | D        | Noticed a balrug
  2131 | D        | Noticed Otubbah the pandemonium lord
  2131 | D        | Noticed Eguor the pandemonium lord
  2131 | D        | Found a transporter.
  2131 | D        | Noticed a storm dragon
  2131 | D        | Noticed Sunotep the pandemonium lord
  2131 | D        | Noticed Veirouch the pandemonium lord
  2131 | D        | Noticed Qullih Maroy the pandemonium lord
  2131 | D        | Noticed Gimeg the pandemonium lord
  2131 | D        | Noticed Ofe Vapegh the pandemonium lord
  2132 | D        | Found the amulet of the Four Winds {rN+ MR+++ Clar}
  2132 | D        | Noticed Viuwalua the pandemonium lord
  2132 | D        | Noticed Tit Emye the pandemonium lord
  2133 | D        | Noticed a shadow dragon
  2133 | D        | Noticed a cacodemon
  2133 | D        | Entered arena 23.
  2601 | D        | Noticed an acid blob
  2601 | D        | Noticed an acid blob
  2601 | D        | Noticed an acid blob
  2617 | D        | Killed an acid blob
  2621 | D        | Killed an acid blob
  2622 | D        | Killed an acid blob
  2622 | D        | Reached skill level 5 in Throwing
  2636 | D        | Noticed an azure jelly
  2642 | D        | Noticed an azure jelly
  2645 | D        | Killed an azure jelly
  2649 | D        | Noticed an acid blob
  2653 | D        | Killed an acid blob
  2655 | D        | Killed an azure jelly
  2699 | D        | Noticed an azure jelly
  2705 | D        | Killed an azure jelly
  2726 | D        | Learned a level 2 spell: Blink
  2804 | D        | Noticed an azure jelly
  2806 | D        | Noticed an acid blob
  2809 | D        | Paralysed by a floating eye for 4 turns
  2815 | D        | Killed an azure jelly
  2815 | D        | Reached XP level 15. HP: 164/165 MP: 23/23
  2820 | D        | Killed an acid blob
  2850 | D        | Noticed an acid blob
  2863 | D        | Killed an acid blob
  2895 | D        | Noticed an azure jelly
  2895 | D        | Noticed an azure jelly
  2896 | D        | Found the +7 lajatang of Order {silver, rMut}
  2896 | D        | Found a transporter.
  2900 | D        | Killed an azure jelly
  2902 | D        | Killed an azure jelly
  2916 | D        | Got the amulet "Otagot" {RegenMP +Blink rElec}
  2939 | D        | Learned a level 6 spell: Dispersal
  2949 | D        | Got the ring of Midsummer {MR+ MP+9 Dex+2}
  2959 | D        | Got the ring of Hianyo {rPois rN+ Dex+2}
  2965 | D        | Entered arena 24.
  3075 | D        | Reached skill level 10 in Throwing
  3165 | D        | Found the amulet of the Air {Inacc +Fly rElec EV+5 RMsl}
  3240 | D        | Found a transporter.
  3281 | D        | Got the ring of Ekhehiq {rN+ Int+5}
  3316 | D        | Entered arena 25.
  3338 | D        | Noticed Louise
  3343 | D        | Noticed Frederick
  3345 | D        | Noticed Nessos
  3346 | D        | Noticed Psyche
  3347 | D        | Noticed Sojobo
  3347 | D        | Noticed Azrael
  3351 | D        | Killed Psyche
  3357 | D        | Killed Louise
  3357 | D        | Killed Frederick
  3357 | D        | Reached skill level 27 in Fighting
  3361 | D        | Killed Azrael
  3368 | D        | Killed Sojobo
  3368 | D        | Reached skill level 27 in Armour
  3368 | D        | Reached skill level 15 in Invocations
  3369 | D        | Killed Nessos
  3378 | D        | Got the ring "Weec" {rC+ Dex+4}
  3557 | D        | Noticed Saint Roka
  3559 | D        | Noticed the Enchantress
  3560 | D        | Noticed Frances
  3561 | D        | Noticed Urug
  3562 | D        | Noticed Dispater
  3562 | D        | Noticed Nellie
  3562 | D        | Noticed Erolcha
  3562 | D        | Noticed Ijyb
  3562 | D        | Noticed the 27-headed Lernaean hydra
  3562 | D        | Noticed Gastronok
  3562 | D        | Noticed Harold
  3562 | D        | Noticed Mara
  3562 | D        | Noticed Chuck
  3562 | D        | Noticed Polyphemus
  3562 | D        | Noticed Ereshkigal
  3562 | D        | Noticed Crazy Yiuf
  3562 | D        | Noticed Jessica
  3563 | D        | Noticed Aizul
  3571 | D        | Killed Crazy Yiuf
  3572 | D        | Killed the Enchantress
  3572 | D        | Reached skill level 15 in Evocations
  3572 | D        | Reached XP level 16. HP: 183/183 MP: 26/26
  3573 | D        | Killed Frances
  3578 | D        | Killed Nellie
  3579 | D        | Killed Aizul
  3580 | D        | Killed the 21-headed Lernaean hydra
  3580 | D        | Killed Jessica
  3581 | D        | Noticed Rupert
  3581 | D        | Killed Ijyb
  3583 | D        | Killed Saint Roka
  3584 | D        | Noticed Eustachio
  3584 | D        | Noticed Dowan
  3584 | D        | Noticed Dissolution
  3584 | D        | Noticed Snorg
  3585 | D        | Killed Urug
  3586 | D        | Noticed Gloorx Vloq
  3586 | D        | Killed Chuck
  3587 | D        | Killed Polyphemus
  3589 | D        | Noticed Purgy
  3590 | D        | Noticed an Executioner
  3592 | D        | Killed Mara
  3593 | D        | Killed Rupert
  3595 | D        | Noticed an Executioner
  3595 | D        | Noticed an Executioner
  3595 | D        | Killed Eustachio
  3595 | D        | Paralysed by a floating eye for 2 turns
  3597 | D        | HP: 13/274 [cacodemon[Dispater] (11)]
  3598 | D        | Noticed an Executioner
  3598 | D        | Slain by Ereshkigal

Skill      XL: |  1  2  3  4  5  6  7  8  9 10 11 12 13 14 15 16 |
---------------+-------------------------------------------------+-----
Fighting       | 4 5 6 8 9 10 12 15 19 23 27 | 27.0
Axes           | 6 9 10 13 14 17 18 20 22 25 26 27 | 27.0
Armour         | 4 6 7 8 10 11 12 14 16 19 21 23 27 | 27.0
Evocations     | 2 3 4 5 9 11 15 19 | 19.2
Invocations    | 4 8 12 15 17 | 17.7
Throwing       | 8 10 | 10.1
Dodging        | |  3.2

Action                   |  1- 3 |  4- 6 |  7- 9 | 10-12 | 13-15 | 16-18 || total
-------------------------+-------+-------+-------+-------+-------+-------++-------
Melee: Broad axe         |     2 |    16 |     1 |       |       |       ||    19
       Headbutt          |     1 |     4 |     6 |    30 |    71 |     8 ||   120
       Battleaxe         |       |       |    30 |    22 |       |       ||    52
       Executioner's axe |       |       |       |   126 |   307 |    23 ||   456
Throw: Javelin           |       |       |       |       |    16 |       ||    16
       Throwing net      |       |       |       |       |     1 |       ||     1
Invok: Minor Destruction |       |       |       |       |    12 |       ||    12
Evoke: Lamp of fire      |       |     1 |       |     1 |     7 |       ||     9
       Lightning rod     |       |       |       |    10 |       |       ||    10
       Sack of spiders   |       |       |       |     1 |     1 |       ||     2
       Wand              |       |       |       |       |     4 |       ||     4
       Phantom mirror    |       |       |       |       |     3 |       ||     3
       Fan of gales      |       |       |       |       |     1 |       ||     1
       Box of beasts     |       |       |       |       |     1 |       ||     1
  Use: Potion            |     2 |       |     1 |     7 |     9 |       ||    19
       Scroll            |       |       |     1 |     8 |    19 |       ||    28
  Eat: Chunk             |       |       |       |     1 |     4 |       ||     5
       Ration            |       |       |       |       |     1 |       ||     1
Armor: Gold dragon scale |     2 |    14 |    28 |   210 |   381 |    50 ||   685
Dodge: Dodged            |     2 |     4 |    13 |   100 |   171 |    18 ||   308
Block: Other             |       |       |       |       |    56 |     3 ||    59
       Reflection        |       |       |       |       |     3 |       ||     3
